 Dungeon Crawl Stone Soup version 0.29.0-4-gdea44cf6ec (webtiles) character file.

Game seed: 5864828227602376255

28 qw the Chopper (level 3, -1/23 (26) HPs)
             Began as a Barachi Chaos Knight on Sept 7, 2022.
             Succumbed to a hobgoblin's poison
             ... on level 1 of the Dungeon.
             The game lasted 00:00:23 (693 turns).

qw the Chopper (Barachi Chaos Knight)                Turns: 693, Time: 00:00:23

HP:   -1/23 (26)    AC:  5    Str: 14    XL:     3   Next: 12%
MP:   3/3           EV: 11    Int: 11    God:
Gold: 39            SH:  0    Dex: 15    Spells: 2/2 levels left

rFire   . . .      SeeInvis .   a - +0 hand axe (chaos)
rCold   . . .      Faith    .   (no shield)
rNeg    . . .      Spirit   .   b - +2 leather armour
rPois   .          Reflect  .   (no helmet)
rElec   .          Harm     .   (no cloak)
rCorr   .          Rampage  .   (no gloves)
Will    .....                   (no boots)
Stlth   +.........              (no amulet)
HPRegen 0.07/turn               (no ring)
MPRegen 0.08/turn               (no ring)

@: lethally poisoned (-1 -> -19), heavily drained, slow
A: amphibious, slowness 1, strong legs 1, +LOS, agile 1, frail 1
a: Hop


You were on level 1 of the Dungeon.
You visited 1 branch of the dungeon, and saw 1 of its levels.

You collected 39 gold pieces.


Innate Abilities, Weirdness & Mutations

You are amphibious.
You cover ground slowly.
You can hop short distances.
You have an extended range of vision and can be seen from far away.
You are agile. (Dex +4, Str/Int -1)
You are frail. (-10% HP)


   Skills:
 - Level 3.6 Fighting
 + Level 4.6 Axes
 - Level 2.4 Armour
 - Level 1.1 Dodging


You had 2 spell levels left.
You didn't know any spells.
Your spell library was empty.

Inventory:

Hand Weapons
 a - a +0 hand axe of chaos (weapon)
 h - a +0 club
Armour
 b - a +2 leather armour (worn)
Jewellery
 g - a ring of see invisible
Scrolls
 e - a scroll of poison {unknown}
 f - 4 scrolls of identify {unknown}
 i - a scroll of teleportation {unknown}
Potions
 d - a potion of brilliance {unknown}
Miscellaneous
 c - a piece from Xom's chessboard (15/15)

Dungeon Overview and Level Annotations

Branches:
Dungeon (1/15)

Altars:


Message History

The jackal bites you but does no damage.
The jackal bites itself but does no damage.
You slash the jackal!
You kill the jackal!
You hit the rat.
You kill the rat!
You start resting.
HP restored.
A rat comes into view.
You closely miss the rat. The rat bites you but does no damage.
You hit the rat. You punch the rat.
You kill the rat!
You now have 39 gold pieces (gained 15).
You see here a rat corpse.
Found 5 stones.
Found a stone staircase leading down. "Let me alter your body."
Your body is suffused with distortional energy.
You feel agile.
You feel frail.
A hobgoblin is nearby!
681 ||| Stepping ~*~*~tactically~*~*~ (stealth).
682 ||| Stepping ~*~*~tactically~*~*~ (stealth).
The hobgoblin shouts!
The hobgoblin throws a poisoned dart.
The poisoned dart hits you!
You are poisoned.
You feel very sick.
You feel sick.
The hobgoblin throws a poisoned dart.
The poisoned dart barely misses you.
You feel sick.
You feel sick.
The hobgoblin throws a poisoned dart.
The poisoned dart hits you!
You are more poisoned.
You feel very sick.
You feel sick.
The hobgoblin throws a poisoned dart.
The poisoned dart hits you!
You are lethally poisoned!
You feel very sick.
You feel very sick.
The hobgoblin throws a poisoned dart.
The poisoned dart hits you.
You are more poisoned.
You die...

###########
#.........# #
#.(.......#
.########.........#
......%..........>#
...######.......@.#
...........######.#
##...#####.# #.#
.......# #.# #g#
####.%## #.# #.#
####..## #.# #.#
..#....# #.# #.#
.%..##..##.# #.#
..### .....# #.#


You could see a hobgoblin.

Vanquished Creatures
  A dart slug (D:1)
  3 ball pythons (D:1)
  2 endoplasms (D:1)
  2 goblins (D:1)
  4 hobgoblins (D:1)
  3 jackals (D:1)
  2 quokkas (D:1)
  A bat (D:1)
  4 rats (D:1)
22 creatures vanquished.

Notes
Turn   | Place    | Note
-------+----------+-------------------------------------------
     0 | D:1      | qw the Barachi Chaos Knight began the quest for the Orb.
     0 | D:1      | Reached XP level 1. HP: 18/18 MP: 1/1
     0 | D:1      | 0 ||| qw: Version: 0.1-a-108-g9e35731
     0 | D:1      | 0 ||| qw: Game counter: 6422
     0 | D:1      | 0 ||| qw: Always use a shield: true
     0 | D:1      | 0 ||| qw: God list: Okawaru
     0 | D:1      | 0 ||| qw: Allow faded altars: false
     0 | D:1      | 0 ||| qw: Do Orc after D:15 true
     0 | D:1      | 0 ||| qw: Do second Lair branch before Depths: true
     0 | D:1      | 0 ||| qw: Lair rune preference: random
     0 | D:1      | 0 ||| qw: Plans: Normal
     0 | D:1      | 0 ||| PLANNING D:1-11
     0 | D:1      | Fell from the grace of Xom
   284 | D:1      | Reached XP level 2. HP: 23/24 MP: 2/2
   308 | D:1      | 308 ||| Stepping ~*~*~tactically~*~*~ (stealth).
   316 | D:1      | 316 ||| Stepping ~*~*~tactically~*~*~ (stealth).
   317 | D:1      | 317 ||| Stepping ~*~*~tactically~*~*~ (stealth).
   322 | D:1      | Reached skill level 4 in Axes
   376 | D:1      | 376 ||| Stepping ~*~*~tactically~*~*~ (stealth).
   433 | D:1      | 433 ||| Stepping ~*~*~tactically~*~*~ (stealth).
   434 | D:1      | 434 ||| Stepping ~*~*~tactically~*~*~ (stealth).
   436 | D:1      | 436 ||| Stepping ~*~*~tactically~*~*~ (stealth).
   568 | D:1      | XOM: draining
   587 | D:1      | 587 ||| Stepping ~*~*~tactically~*~*~ (stealth).
   590 | D:1      | 590 ||| Stepping ~*~*~tactically~*~*~ (stealth).
   630 | D:1      | 630 ||| Stepping ~*~*~tactically~*~*~ (stealth).
   638 | D:1      | Reached XP level 3. HP: 25/25 MP: 3/3
   678 | D:1      | XOM: give mutations
   678 | D:1      | Gained mutation: You are agile. (Dex +4, Str/Int -1) [Xom's
                  | mischief]
   678 | D:1      | Gained mutation: You are frail. (-10% HP) [Xom's mischief]
   681 | D:1      | 681 ||| Stepping ~*~*~tactically~*~*~ (stealth).
   682 | D:1      | 682 ||| Stepping ~*~*~tactically~*~*~ (stealth).
   692 | D:1      | HP: 3/23 [poisoned by a hobgoblin]
   693 | D:1      | Succumbed to a hobgoblin's poison

Levels and vault maps discovered:
D:1:      onia_arrival_pentagram, layout_basic, wad_floor_pattern_untrapped

Skill      XL: |  1  2 |
---------------+-------+-----
Axes           | 4 |  4.6
Fighting       | |  3.6
Armour         | |  2.4
Dodging        | |  1.1

Action                   || total
-------------------------++-------
Melee: Hand axe          ||    56
       Punch             ||     1
Invok: Renounce Religion ||     1
Armor: Leather armour    ||    22
Dodge: Dodged            ||    31

Table legend:
 A = Non-vault XP
 B = Vault XP
 C = Vault XP percentage of total XP
 D = Non-vault monster count
 E = Vault monster count
 F = Vault count percentage of total count
                 A         B        C        D         E       F
            +---------+---------+-------+---------+---------+-------
      Total |      40 |       0 |   0.0 |      22 |       0 |   0.0
            +---------+---------+-------+---------+---------+-------
        D:1 |      40 |       0 |   0.0 |      22 |       0 |   0.0
            +---------+---------+-------+---------+---------+-------
